 Dungeon Crawl Stone Soup version 0.31-a0-844-gdc52ec4e09 (webtiles) character file.

Game seed: 15391108983020399397

354 retardedninja the Firebug (level 6, -3/32 HPs)
             Began as a Gargoyle Fire Elementalist on Sept 28, 2023.
             Was an Initiate of Hepliaklqana.
             Frozen to death by an endoplasm (5 damage)
             ... on level 4 of the Dungeon on Sept 29, 2023.
             The game lasted 00:07:02 (3052 turns).

retardedninja the Firebug (GrFE)                    Turns: 3052, Time: 00:07:02

Health: -3/32      AC:  7    Str: 11    XL:     6   Next: 63%
Magic:  3/10       EV: 12    Int: 24    God:    Hepliaklqana [......]
Gold:   199        SH:  0    Dex: 10    Spells: 8/11 levels left

rFire   . . .        e - +0 short sword
rCold   . . .        (no shield)
rNeg    + . .        a - +0 robe
rPois   ∞            g - +0 helmet
rElec   +            (no cloak)
rCorr   .            (no gloves)
SInv    .            (no boots)
Will    .....        f - amulet of magic regeneration
Stlth   ++           k - +6 ring of intelligence
HPRegen 0.25/turn    (no ring)
MPRegen 0.52/turn

%: no passive effects
@: no status effects
A: sickness immunity, AC +4, negative energy resistance 1, electricity
resistance, torment resistance 1, petrification resistance
a: Renounce Religion


You were on level 4 of the Dungeon.
You worshipped Hepliaklqana.
Hepliaklqana was noncommittal.
You visited 2 branches of the dungeon, and saw 5 of its levels.

You collected 199 gold pieces.

Inventory:

Hand Weapons
 e - a +0 short sword (weapon)
Armour
 a - a +0 robe (worn)
 g - a +0 helmet (worn)
Jewellery
 f - an amulet of magic regeneration (around neck)
 k - a +6 ring of intelligence (left hand)
Wands
 m - a wand of acid (1)
 p - a wand of polymorph (9)
Scrolls
 c - 4 scrolls of identify {unknown}
 h - a scroll of teleportation {unknown}
 j - a scroll of vulnerability {unknown}
 n - a scroll of fear {unknown}
Potions
 b - a potion of magic
 d - 2 potions of degeneration {unknown}
 i - 2 potions of resistance {unknown}
 l - a potion of might {unknown}
 o - a potion of cancellation {unknown}
 q - a potion of lignification {unknown}


   Skills:
 + Level 2.8 Dodging
 + Level 4.0 Stealth
 + Level 3.2 Spellcasting
 + Level 3.2 Conjurations
 + Level 4.2 Fire Magic


You had 8 spell levels left.
You knew the following spells:

 Your Spells              Type           Power      Damage    Failure   Level
a - Foxfire               Conj/Fire      84%        2x1d8     2%          1
b - Scorch                Fire           48%        2d7       2%          2

Your spell library contained the following spells:

 Spells                   Type           Power      Damage    Failure   Level
 Freeze                   Ice            12%        1d3       11%         1
 Inner Flame              Hex/Fire       13%        N/A       14%         3
 Volatile Blastmotes      Fire/Tloc      26%        2d12      14%         3
 Hailstorm                Conj/Ice       11%        3d5       16%         3
 Flame Wave               Conj/Fire      21%        2d8       22%         4
 Frozen Ramparts          Ice            6%         1d1       32%         3
 Petrify                  Tmut/Erth      3%         N/A       71%         4
 Irradiate                Conj/Tmut      5%         3d13      83%         5
 Sublimation of Blood     Necr           Unusable   N/A       N/A         2

Dungeon Overview and Level Annotations

Branches:
Dungeon (4/15)             Temple (1/1) D:4

Altars:
Dithmenos
Elyvilon
Gozag
Hepliaklqana
Kikubaaqudgha
Makhleb
Nemelex Xobeh
Okawaru
Ru
Sif Muna
Wu Jian
Xom
Yredelemnul
Zin
The Shining One

Shops:
D:1 [

Annotations:
Temple 2 transporters


Innate Abilities, Weirdness & Mutations

You are immune to sickness and miasma.
Your stone body is resilient. (AC +4)
You are immune to poison.
You resist negative energy. (rN+)
You are resistant to electric shocks. (rElec)
You are resistant to unholy torment.
You are immune to petrification.


Message History

Casting: Scorch (safe; 3% risk of failure)
Confirm with . or Enter, or press ? or * to list all spells.
Flames lash the ball python.
You kill the ball python!
The scorpion barely misses you.
The endoplasm hits you but does no damage.
Unknown command.
The endoplasm is no longer more vulnerable to fire.
The endoplasm freezes you.
You are frozen.
* * * LOW HITPOINT WARNING * * *
Aiming: Corrosive Bolt
Press: ? - help, Q - select action, (/) - cycle Shift-Dir - straight line, f - scorpion
Aim: a scorpion (moderately wounded, more vulnerable to fire, 71% to hit)
The bolt of acid hits the scorpion!
The acid corrodes the scorpion!
The scorpion is severely wounded.
The scorpion is no longer more vulnerable to fire.
The scorpion stings you but does no damage.
The endoplasm freezes you.
You are frozen.
* * * LOW HITPOINT WARNING * * *
The scorpion barely misses you.
Aiming: Corrosive Bolt
Press: ? - help, Q - select action, (/) - cycle Shift-Dir - straight line, f/p - scorpion
Aim: a scorpion (severely wounded, covered in acid, 71% to hit)
The bolt of acid hits the scorpion!
The scorpion seems to be corroded for longer.
You kill the scorpion!
The endoplasm freezes you.
You are frozen.
* * * LOW HITPOINT WARNING * * *
Your Stealth skill increases to level 4!
Aiming: Corrosive Bolt
Press: ? - help, Q - select action, (/) - cycle Shift-Dir - straight line, f - endoplasm
Aim: an endoplasm (almost dead, 98% to hit)
The bolt of acid hits the endoplasm.
The endoplasm completely resists.
The endoplasm is almost dead.
The endoplasm freezes you.
You are frozen.
You die...

..##..J............
..................# ..
#...#.............. ... ..#
............... ....###.##
.............. ....#.#.$#
#............ .........#
#......# .... ......#..††J##
#.!....#.....
......###..@.####...........
......##.......#.....####..
...........###..........##
.....P..P.P..#...........#
......PPPP............#.##
.....PP..P.......###.####
#...P.>PPP........###
#..PPP.P.P........#
#....PP..........##


You could see an endoplasm.

Vanquished Creatures
  Edmund (D:4)
  A scorpion (D:4)
  An oklob sapling (D:4)
  Terence (D:3)
  A hound zombie (D:3)
  4 adders
  A gnoll (D:1)
  3 dart slugs
  5 endoplasms
  A giant cockroach (D:1)
  5 goblins
  8 hobgoblins
  4 jackals
  4 quokkas
  5 ball pythons
  A ball python zombie (D:3)
  7 bats
  6 frilled lizards
  3 kobolds
  7 rats
69 creatures vanquished.

Vanquished Creatures (others)
  257 foxfires
257 creatures vanquished.

Grand Total: 326 creatures vanquished

Notes
Turn   | Place    | Note
-------+----------+-------------------------------------------
     0 | D:1      | retardedninja the Gargoyle Fire Elementalist began the
                  | quest for the Orb.
     0 | D:1      | Reached XP level 1. HP: 10/10 MP: 3/3
   466 | D:1      | Reached XP level 2. HP: 15/15 MP: 1/5
   670 | D:1      | Reached XP level 3. HP: 19/19 MP: 0/6
   730 | D:1      | Found Soudot's Antique Armour Shop.
  1455 | D:2      | Found an ancient bone altar of Kikubaaqudgha.
  1518 | D:2      | Reached XP level 4. HP: 24/24 MP: 5/7
  1765 | D:2      | Learned a level 2 spell: Scorch
  2166 | D:3      | Noticed Terence
  2177 | D:3      | Killed Terence
  2352 | D:3      | Reached XP level 5. HP: 26/28 MP: 1/9
  2373 | D:3      | Found a basalt altar of Yredelemnul.
  2758 | D:4      | Found a staircase to the Ecumenical Temple.
  2829 | Temple   | Found a transporter.
  2829 | Temple   | Found a transporter.
  2829 | Temple   | Found a transporter.
  2829 | Temple   | Found a transporter.
  2829 | Temple   | Entered the Ecumenical Temple
  3005 | Temple   | Became a worshipper of Hepliaklqana the Forgotten
  3033 | D:4      | Noticed Edmund
  3043 | D:4      | Killed Edmund
  3044 | D:4      | Reached XP level 6. HP: 20/32 MP: 8/10
  3052 | D:4      | Frozen to death by an endoplasm

Illustrated notes

Levels and vault maps discovered:
D:1:      amcnicky_arrival_wind_blow, layout_basic, serial_shops,
          nicolae_shop_statue_plus, kennysheep_doodads
D:2:      layout_basic, basic_altar, minmay_misc_feat_diagonals
D:3:      layout_loops_ring, lemuel_zombie_altar_yredelemnul, uniq_terence
D:4:      layout_cave_pools, fedhas_ov_isle_minmay, cheibriados_altar_1,
          trog_book, mainiacjoe_overflow_chevrons, minmay_temple_entry_oklob,
          uniq_edmund
Temple:   hellmonk_temple_divided_pantheon

Skill      XL: |  1  2  3  4  5  6 |
---------------+-------------------+-----
Dodging        | 2 |  2.8
Conjurations   | 2 3 |  3.2
Stealth        | 3 4 |  4.0
Spellcasting   | 3 |  3.2
Fire Magic     | 4 |  4.2

Action                     |  1- 3 |  4- 6 || total
---------------------------+-------+-------++-------
  Melee: Short sword       |     4 |     8 ||    12
   Cast: Foxfire           |    79 |    71 ||   150
         Scorch            |       |    17 ||    17
  Evoke: Wand              |       |     7 ||     7
 Armour: Robe              |     8 |    30 ||    38
  Dodge: Dodged            |     2 |    19 ||    21

Table legend: (Time is in decaauts)
 A = Elapsed time spent in this place.
 B = Non-inter-level travel time spent in this place.
 C = Inter-level travel time spent in this place.
 D = Time resting spent in this place.
 E = Time spent auto-exploring this place.
 F = Levels seen in this place.
 G = Mean time per level.
                   A        B        C        D        E       F      G
               +--------+--------+--------+--------+--------+-----+--------+
         Total |   3050 |   3021 |     29 |    149 |   2319 |   5 |  610.0 |
       Dungeon |   2860 |   2831 |     29 |      0 |   2319 |   4 |  715.0 |
        Temple |    189 |    189 |      0 |    149 |      0 |   1 |  189.0 |
               +--------+--------+--------+--------+--------+-----+--------+

Top non-repeatable levels by time:
     D:1: 1315 daAuts
     D:3: 796 daAuts
     D:2: 644 daAuts
  Temple: 189 daAuts
     D:4: 104 daAuts
